 Dungeon Crawl Stone Soup version 0.21.1-1-g345015fe64 (webtiles) character file.

577 JarielCorvus the Thaumaturge (level 7, -1/32 HPs)
             Began as a Deep Elf Wizard on June 19, 2018.
             Was an Initiate of Vehumet.
             Slain by a hound (3 damage)
             ... on level 4 of the Dungeon.
             The game lasted 00:12:12 (3139 turns).

JarielCorvus the Thaumaturge (Deep Elf Wizard)      Turns: 3139, Time: 00:12:13

Health: -1/32      AC:  3    Str:  6    XL:     7   Next: 13%
Magic:  0/21       EV: 13    Int: 21    God:    Vehumet [......]
Gold:   280        SH:  0    Dex: 13    Spells: 13/24 levels left

rFire    + . .     SeeInvis .   t - +0 scythe
rCold    x . .     Gourm    .   (shield currently unavailable)
rNeg     . . .     Faith    .   s - +1 robe
rPois    .         Spirit   +   b - +0 hat
rElec    .         Reflect  .   e - scarf {Spirit}
rCorr    .         Harm     .   (no gloves)
MR       .....                  (no boots)
Stlth    ++........             (no amulet)
HPRegen  0.10/turn              g - ring of fire
MPRegen  0.17/turn              (no ring)

@: very slightly contaminated, invisible (expiring)
A: dopey 1, frail 1, evolution 1, no potion heal 1
a: Renounce Religion


You were on level 4 of the Dungeon.
You worshipped Vehumet.
Vehumet was noncommittal.
You were not hungry.

You visited 1 branch of the dungeon, and saw 4 of its levels.

You collected 280 gold pieces.

Inventory:

Hand Weapons
 h - a +0 dagger
 t - a +0 scythe (weapon)
Armour
 a - a +0 robe
 b - a +0 hat (worn)
 e - a scarf of spirit shield (worn)
 s - a +1 robe (worn)
Jewellery
 g - a ring of fire (left hand)
 l - an uncursed ring of protection from magic
 n - an uncursed amulet of rage {unknown}
 o - an uncursed ring of ice
 r - an uncursed ring of poison resistance
 u - an uncursed ring of positive energy
Scrolls
 f - a scroll of identify
 j - 3 scrolls of remove curse
 p - a scroll of fog
Potions
 i - 3 potions of brilliance
 k - a potion of degeneration
 q - a potion of cancellation {unknown}
Books
 c - a book of Minor Magic

   Spells                             Type                      Level
   a - Magic Dart                     Conjuration                  1
   b - Blink                          Translocation                2
   c - Call Imp                       Summoning                    2
   d - Slow                           Hexes                        2
   e - Conjure Flame                  Conjuration/Fire             3
   f - Mephitic Cloud                 Conjuration/Poison/Air       3
Comestibles
 d - 8 rations


   Skills:
 - Level 2.4 Dodging
 - Level 2.4 Stealth
 * Level 9.3 Spellcasting
 + Level 4.8 Conjurations
 - Level 1.1 Summonings
 - Level 1.1 Translocations


You had 13 spell levels left.
You knew the following spells:

 Your Spells              Type           Power        Failure   Level  Hunger
a - Magic Dart            Conj           ####         1%          1    None
b - Blink                 Tloc           N/A          7%          2    None
c - Call Imp              Summ           ##......     7%          2    None
d - Conjure Flame         Conj/Fire      ####....     8%          3    None
e - Mephitic Cloud        Conj/Pois/Air  ###.....     11%         3    None


Dungeon Overview and Level Annotations

Branches:
Dungeon (4/15)
 Temple: D:4-7

Altars:
Hepliaklqana
Qazlal
Vehumet

Shops:
D:4 ==


Innate Abilities, Weirdness & Mutations

You are dopey. (Int -2)
You are frail. (-10% HP)
You evolve.
Potions are less effective at restoring your health.


Message History

The bullfrog skeleton barely misses you.
The hound bites you.
* * * LOW HITPOINT WARNING * * *
The hound bites you.
* * * LOW HITPOINT WARNING * * *
Casting: Mephitic Cloud
Confirm with . or Enter, or press ? or * to list all spells.
A beastly little devil appears in a puff of flame.
The hound misses you. The hound bites you.
* * * LOW HITPOINT WARNING * * *
The hound closely misses you. The hound misses you.
The hound stops to sniff the ground.
The hound barely misses you.
Your crimson imp blinks!
The hound closely misses you.
The bullfrog skeleton closely misses your crimson imp.
You flicker for a moment.
The hound bites you.
You die...

#.##..##.#####.#.........#
...................Z.....#
..##.###.#####..........<#
.###.# #....##...........#
.....####................#
..##......##...∩.##.######
#.##.########....##.###
.....# #.#.......# ..####
##(#.@.....# ..#
###..#.h.....# .##
#...##.......# ##
#.####.......# ##### #
##.# #....5..###...### #
#..# #.....Z.#E#...#E# #
##)## #∩......###...#### .
###.(# #..>.............##
. #....#
#..#####...._.....#


You could see a hound, a bullfrog skeleton and a friendly crimson imp.

Vanquished Creatures
  Sigmund (D:3)
  A phantom (D:4)
  2 ogres
  2 hounds (D:4)
  An iguana (D:4)
  A worker ant (D:3)
  An adder (D:4)
  A leopard gecko (D:1)
  3 ball pythons
  4 bats
  A giant cockroach (D:3)
  8 goblins
  4 hobgoblins
  A quokka (D:3)
  A ball python skeleton (D:4)
  11 frilled lizards
  7 kobolds
  9 rats
59 creatures vanquished.

Notes
Turn   | Place    | Note
-------+----------+-------------------------------------------
     0 | D:1      | JarielCorvus the Deep Elf Wizard began the quest for the Orb.
     0 | D:1      | Reached XP level 1. HP: 10/10 MP: 7/7
   410 | D:1      | Reached XP level 2. HP: 15/15 MP: 7/9
   414 | D:1      | Learned a level 2 spell: Blink
   417 | D:1      | Learned a level 2 spell: Call Imp
   595 | D:1      | Reached skill level 5 in Spellcasting
  1162 | D:2      | Noticed an ogre
  1173 | D:2      | Killed an ogre
  1173 | D:2      | Reached skill level 6 in Spellcasting
  1173 | D:2      | Reached XP level 3. HP: 8/19 MP: 0/13
  1173 | D:2      | Reached XP level 4. HP: 10/24 MP: 0/14
  1290 | D:2      | Learned a level 3 spell: Conjure Flame
  1294 | D:2      | Learned a level 3 spell: Mephitic Cloud
  1900 | D:2      | Gained mutation: Potions are less effective at restoring your health. [potion of mutation]
  1900 | D:2      | Gained mutation: You are frail. (-10% HP) [potion of mutation]
  1900 | D:2      | Gained mutation: You are dopey. (Int -2) [potion of mutation]
  1900 | D:2      | Gained mutation: You evolve. [potion of mutation]
  2104 | D:3      | Found a radiant altar of Vehumet.
  2110 | D:3      | Became a worshipper of Vehumet
  2278 | D:3      | Noticed Sigmund
  2388 | D:3      | Killed Sigmund
  2388 | D:3      | Reached skill level 7 in Spellcasting
  2388 | D:3      | Reached XP level 5. HP: 25/25 MP: 2/17
  2388 | D:3      | Reached XP level 6. HP: 28/28 MP: 2/18
  2531 | D:3      | Found a hazy altar of Hepliaklqana.
  2645 | D:3      | Reached skill level 8 in Spellcasting
  2807 | D:4      | Found Wiaxoss's Jewellery Emporium.
  2818 | D:4      | Found Osuv Dufo's Jewellery Shop.
  2846 | D:4      | Found a stormy altar of Qazlal.
  2847 | D:4      | Noticed an air elemental
  2847 | D:4      | Noticed a fire elemental
  2847 | D:4      | Noticed a water elemental
  3066 | D:4      | Reached skill level 9 in Spellcasting
  3066 | D:4      | Reached XP level 7. HP: 30/32 MP: 8/21
  3128 | D:4      | HP: 1/32 [hound (5)]
  3139 | D:4      | Slain by a hound

Skill      XL: |  1  2  3  4  5  6 |
---------------+-------------------+-----
Spellcasting   | 6 7 9 |  9.3
Conjurations   | 2 3 4 |  4.8
Dodging        | |  2.4
Stealth        | |  2.4
Summonings     | |  1.1
Translocations | |  1.1

Action                   |  1- 3 |  4- 6 |  7- 9 || total
-------------------------+-------+-------+-------++-------
Melee: Scythe            |       |       |     4 ||     4
 Cast: Magic Dart        |    49 |    88 |     7 ||   144
       Mephitic Cloud    |       |     4 |     1 ||     5
       Call Imp          |       |       |     1 ||     1
  Use: Scroll            |     3 |    10 |       ||    13
       Potion            |       |     4 |     1 ||     5
  Eat: Ration            |       |     2 |       ||     2
       Chunk             |       |     1 |       ||     1
Armor: Robe              |       |     2 |     2 ||     4
Dodge: Dodged            |     2 |    13 |    22 ||    37
